 Dungeon Crawl Stone Soup version 0.26-a0-652-gafc20e3620 (webtiles) character file.

Game seed: 14095748800577540880

72 miket3c the Skirmisher (level 4, -1/41 HPs)
             Began as a Minotaur Fighter on Oct 1, 2020.
             Killed from afar by an orc wizard (8 damage)
             ... with a magic dart
             ... on level 3 of the Dungeon.
             The game lasted 00:02:30 (1600 turns).

miket3c the Skirmisher (Minotaur Fighter)           Turns: 1600, Time: 00:02:31

Health: -1/41      AC:  6    Str: 21    XL:     4   Next: 6%
Magic:  3/3        EV:  7    Int:  5    God:
Gold:   81         SH:  9    Dex: 10    Spells: 3/3 levels left

rFire    . . .     SeeInvis .   a - +0 war axe
rCold    . . .     Faith    .   c - +0 kite shield
rNeg     . . .     Spirit   .   b - +0 scale mail
rPois    .         Reflect  .   (helmet restricted)
rElec    .         Harm     .   (no cloak)
rCorr    .         Rampage  .   (no gloves)
MR       .....                  (no boots)
Stlth    ..........             (no amulet)
HPRegen  0.13/turn              (no ring)
MPRegen  0.08/turn              (no ring)

@: no status effects
A: retaliatory headbutt, horns 2
a: no special abilities


You were on level 3 of the Dungeon.
You visited 1 branch of the dungeon, and saw 3 of its levels.

You collected 81 gold pieces.

Inventory:

Hand Weapons
 a - a +0 war axe (weapon)
Missiles
 l - 23 stones (quivered)
 m - 21 poisoned darts
Armour
 b - a +0 scale mail (worn)
 c - a +0 kite shield (worn)
Jewellery
 g - an uncursed ring of stealth {unknown}
Scrolls
 h - 2 scrolls of identify {unknown}
 i - a scroll of immolation {unknown}
 j - a scroll of enchant weapon {unknown}
 k - a scroll of remove curse {unknown}
Potions
 d - 2 potions of might
 e - 2 potions of curing {unknown}
 f - 3 potions of invisibility {unknown}
 n - 2 potions of stabbing {unknown}


   Skills:
 + Level 4.5 Fighting
 * Level 4.4 Axes
 - Level 3.6 Armour
 - Level 3.7 Shields


You had 3 spell levels left.
You didn't know any spells.
Your spell library was empty.

Dungeon Overview and Level Annotations

Branches:
Dungeon (3/15)

Altars:


Innate Abilities, Weirdness & Mutations

You reflexively headbutt those who attack you in melee.
You have a pair of horns on your head.


Message History

The orc is heavily wounded.
You closely miss something. The orc hits you.
* * * LOW HITPOINT WARNING * * *
Something hits you.
* * * LOW HITPOINT WARNING * * *
The orc barely misses you.
You hit the orc.
The orc is severely wounded.
You miss something. Something hits you but does no damage.
The orc hits you but does no damage.
You barely miss the orc. You headbutt the orc.
You kill the orc!
You barely miss something. Something hits you.
* * * LOW HITPOINT WARNING * * *
Something hits you.
* * * LOW HITPOINT WARNING * * *
You hear some strange, mumbled words.
A magic dart appears from out of thin air!
The magic dart hits you!
You die...

#.#####.# ###. ###
#.....†.# .....
..##########.# #...
#......#####<####
#...##......##.......#
##...........##.##.##.#
#.. .........##.##.##.#
#...##.......##.##.##.#
......)@#######.##.##.#
..####).{....##.##.##.#
........####.##.......#
.######.####.#####.####
#.#..........#
######.#.##.#######
......<......#
######....#### ######


There were no monsters in sight!

Vanquished Creatures
  2 adders (D:2)
  An ooze (D:2)
  A worm (D:2)
  A dart slug (D:1)
  A leopard gecko (D:2)
  3 orcs (D:3)
  5 giant cockroaches
  3 hobgoblins
  2 jackals (D:2)
  3 kobolds (D:1)
  6 bats
  A frilled lizard (D:2)
  8 goblins
  3 rats
40 creatures vanquished.

Notes
Turn   | Place    | Note
-------+----------+-------------------------------------------
     0 | D:1      | miket3c the Minotaur Fighter began the quest for the Orb.
     0 | D:1      | Reached XP level 1. HP: 19/19 MP: 0/0
   335 | D:1      | Reached XP level 2. HP: 27/27 MP: 1/1
   856 | D:2      | Reached XP level 3. HP: 24/34 MP: 2/2
  1595 | D:3      | Reached XP level 4. HP: 21/41 MP: 3/3
  1600 | D:3      | Killed from afar by an orc wizard

Illustrated notes

Levels and vault maps discovered:
D:1:      nagdon_arrival_zigzag_paths, layout_loops_corners, st_stairs_12
D:2:      layout_basic
D:3:      layout_loops_cross, nicolae_overflow_hidden_temple

Skill      XL: |  1  2  3 |
---------------+----------+-----
Fighting       | 4 |  4.5
Axes           | 3 4 |  4.4
Armour         | |  3.6
Shields        | |  3.7

Action                   |  1- 3 |  4- 6 || total
-------------------------+-------+-------++-------
Melee: War axe           |    87 |     4 ||    91
       Headbutt          |    13 |     1 ||    14
Armor: Scale mail        |    47 |     2 ||    49
Dodge: Dodged            |    30 |     1 ||    31
Block: Kite shield       |    72 |     1 ||    73

Table legend: (Time is in decaauts)
 A = Elapsed time spent in this place.
 B = Non-inter-level travel time spent in this place.
 C = Inter-level travel time spent in this place.
 D = Time resting spent in this place.
 E = Time spent auto-exploring this place.
 F = Levels seen in this place.
 G = Mean time per level.
                   A        B        C        D        E       F      G
               +--------+--------+--------+--------+--------+-----+--------+
         Total |   1635 |   1566 |     69 |    295 |   1038 |   3 |  545.0 |
       Dungeon |   1635 |   1566 |     69 |    295 |   1038 |   3 |  545.0 |
               +--------+--------+--------+--------+--------+-----+--------+

Top non-repeatable levels by time:
     D:1: 846 daAuts
     D:2: 718 daAuts
     D:3: 69 daAuts
